 Dungeon Crawl Stone Soup version 0.19.5 (webtiles) character file.

38649 Lavandula the Brawler (level 13, -34/124 HPs)
             Began as a Troll Monk on Mar 2, 2017.
             Annihilated by Rupert
             ... wielding a +2 great mace of protection
              (43 damage)
             ... on level 6 of the Lair of Beasts.
             The game lasted 00:54:14 (18309 turns).

Lavandula the Brawler (Troll Monk)                 Turns: 18309, Time: 00:54:24

Health: -34/124    AC:  8    Str: 22    XL:     13   Next: 65%
Magic:  18/18      EV: 12    Int:  9    God:
Gold:   1207       SH:  0    Dex: 16    Spells: 9 memorised, 3 levels left

rFire  . . .     SeeInvis +       - Unarmed
rCold  . . .     Gourm    +     o - +2 robe {MR+}
rNeg   . . .     Faith    .     (no shield)
rPois  .         Spirit   .     d - +0 hat {Int+3}
rElec  .         Reflect  .     y - +0 cloak
rCorr  .         Harm     .     (gloves unavailable)
MR     ++...                    (boots unavailable)
Stlth  ++........               (no amulet)
                                s - ring of see invisible
                                l - +4 ring of slaying

@: about to teleport, repel missiles
A: unfitting armour, claws 3, fast metabolism 3, gourmand, magic resistance 1,
regeneration 1, shaggy fur 1, tough skin 2
a: no special abilities


You were on level 6 of the Lair of Beasts.
You were hungry.

You visited 3 branches of the dungeon, and saw 18 of its levels.
You also visited: Bailey.

You collected 1276 gold pieces.
You spent 69 gold pieces at shops.

Inventory:

Hand Weapons
 N - a +0 blowgun
Missiles
 c - 3 javelins of returning (quivered)
 z - 2 throwing nets
 Y - a javelin
Armour
 d - a +0 hat of intelligence (worn)
 o - a +2 robe of magic resistance (worn)
 y - a +0 cloak (worn)
Jewellery
 e - an uncursed ring of flight
 i - an uncursed ring of stealth
 l - a +4 ring of slaying (left claw)
 n - an uncursed ring of fire
 s - a ring of see invisible (right claw)
 G - an uncursed amulet of guardian spirit
 I - a +3 ring of intelligence
 W - an uncursed ring of protection from fire
Wands
 u - a wand of iceblast (8/15)
 A - a wand of teleportation (2/9)
 H - a wand of random effects (20/48)
 J - a wand of paralysis (1/24)
 P - a wand of slowing (27/48)
 R - a wand of teleportation (5/9)
 S - a wand of iceblast (2/15)
 X - a wand of random effects (11/48)
 Z - a wand of lightning (11/15)
Scrolls
 g - 3 scrolls of enchant weapon {unknown}
 h - 6 scrolls of remove curse
 k - 3 scrolls of teleportation
 q - 4 scrolls of fear {unknown}
 v - 3 scrolls of blinking {unknown}
 D - 2 scrolls of acquirement {unknown}
 K - a scroll of immolation {unknown}
Potions
 f - a potion of berserk rage {unknown}
 j - 8 potions of curing
 m - 5 potions of brilliance {unknown}
 r - a potion of invisibility
 t - a potion of magic
 B - 3 potions of resistance
 C - a potion of ambrosia {unknown}
 M - 4 potions of might {unknown}
 T - 3 potions of agility
 U - a potion of lignification {unknown}
Books
 x - a book of Minor Magic

   Spells                             Type                      Level
   a - Magic Dart                     Conjuration                  1
   b - Blink                          Translocation                2
   c - Call Imp                       Summoning                    2
   d - Repel Missiles                 Charms/Air                   2
   e - Slow                           Hexes                        2
   f - Conjure Flame                  Conjuration/Fire             3
   g - Mephitic Cloud                 Conjuration/Poison/Air       3
 O - Xumi's Almanac of Bewitchment and Lightness
   (You found it on level 2 of the Lair of Beasts)

   Spells                             Type                      Level
   a - Summon Guardian Golem          Hexes/Summoning              3
   b - Leda's Liquefaction            Hexes/Earth                  4
   c - Silence                        Hexes/Air                    5
   d - Metabolic Englaciation         Hexes/Ice                    5
 Q - a book of Geomancy

   Spells                             Type                      Level
   a - Sandblast                      Earth                        1
   b - Passwall                       Transmutation/Earth          2
   c - Stone Arrow                    Conjuration/Earth            3
   d - Petrify                        Transmutation/Earth          4
   e - Lee's Rapid Deconstruction     Earth                        5
 V - a book of Battle

   Spells                             Type                      Level
   a - Infusion                       Charms                       1
   b - Shroud of Golubria             Charms/Translocation         2
   c - Song of Slaying                Charms                       2
   d - Spectral Weapon                Hexes/Charms                 3
   e - Regeneration                   Charms/Necromancy            3
Comestibles
 a - a beef jerky
 b - 9 bread rations
 p - 47 fruits
 w - 15 royal jellies
 E - 2 meat rations


   Skills:
 - Level 7.0 Fighting
 - Level 10.0 Throwing
 - Level 4.3 Dodging
 - Level 1.0 Stealth
 - Level 15.0 Unarmed Combat
 - Level 4.0 Spellcasting
 - Level 2.3 Hexes
 - Level 3.5 Charms
 - Level 5.0 Translocations
 + Level 2.7 Evocations


You had 3 spell levels left.
You knew the following spells:

 Your Spells              Type           Power        Failure   Level  Hunger
a - Apportation           Tloc           ##........   3%          1    #......
b - Confusing Touch       Hex            #.....       12%         1    #......
c - Blink                 Tloc           N/A          6%          2    ###....
d - Repel Missiles        Chrm/Air       #.....       21%         2    ###....
e - Song of Slaying       Chrm           #.......     12%         2    ###....
f - Shroud of Golubria    Chrm/Tloc      #.........   10%         2    ###....
g - Mephitic Cloud        Conj/Pois/Air  #.......     80%         3    ###....
h - Regeneration          Chrm/Necr      #.........   43%         3    ###....
i - Animate Skeleton      Necr           N/A          28%         1    #......


Dungeon Overview and Level Annotations

Branches:
Dungeon (11/15)            Temple (1/1) D:6            Lair (6/6) D:11
  Swamp (0/4) Lair:2        Snake (0/4) Lair:2        Slime (0/5) Lair:6
    Orc (0/2) D:11

Altars:
Ashenzari
Cheibriados
Dithmenos
Elyvilon
Fedhas
Gozag
Hepliaklqana
Kikubaaqudgha
Makhleb
Nemelex Xobeh
Okawaru
Qazlal
Ru
Sif Muna
Trog
Uskayaw
Vehumet
Xom
Yredelemnul
Zin
The Shining One

Shops:
D:6 *   D:8 [

Portals:
Ice
Cave: Lair:6

Annotations:
D:6 humperndinck's ghost, novice TeAE
Lair:6 Rupert; Snorg


Innate Abilities, Weirdness & Mutations

You are too large for most types of armour.
You have claws for hands.
Your metabolism is lightning-fast.
You like to eat raw meat.
Your natural rate of healing is unusually fast.
You are covered in fur. (AC +1)
You have very tough skin. (AC +2)
You are resistant to hostile enchantments. (MR+)


Message History

The blink frog blinks!
Rupert roars madly and goes into a rage!
Rupert goes berserk!
The five-headed hydra bites you.
The five-headed hydra barely misses you.
The five-headed hydra bites you! x3
You hear a bellow!
You hear a howl!
You hear a bellow!
A wolf and a polar bear come into view.
The wolf howls!
The wolf moves out of view.
You hear a loud, deep croak!
You hear a howl!
A polar bear comes into view.
The polar bear growls angrily.
Found a frozen archway.
As you read the scroll of teleportation, it crumbles to dust.
You feel strangely unstable.
Rupert hits you with a great mace of protection!!
* * * LOW HITPOINT WARNING * * *
The polar bear moves out of view.
Rupert hits you with a great mace of protection!!!
You die... # .. . .∩ #. .PP

.Y ##.. )#. .. #....##..
##. ....§.... .. ......
#.F.# #h P........##. #.##
##......P.##.. ##@#
.#.....##....
##@#####.P.##.##.... .
####D####.#.(P#.##..(.#
....#...h.@F...F...$#.....#
hh...............#.........
....##......F...#.(#8.....8
.P. #..##YY..####D........
. ####...Y$.# ##(#......
#.#..######@.#...##


You could see Rupert (berserk), a five-headed hydra, a yak and 2 wolves.

Vanquished Creatures
  Gastronok (Lair:1)
  Erolcha (D:9)
  A hydra (Lair:4)
  Erica (D:9)
  5 death yaks (Lair:5)
  Pikel (D:5)
  A manticore (D:11)
  19 elephants
  Psyche (D:8)
  4 black mambas
  8 spiny frogs
  A kobold demonologist (D:9)
  5 komodo dragons
  A troll (D:9)
  A queen bee (Lair:1)
  A hornet (D:9)
  3 polar bears
  A two-headed ogre (D:10)
  8 hippogriffs
  Sigmund (D:6)
  A wyvern (Lair:4)
  18 yaks
  2 basilisks
  A hungry ghost (D:7)
  6 porcupines
  10 water moccasins
  3 slaves
  17 orc warriors
  A necrophage (D:8)
  An ice beast (D:9)
  3 sky beasts
  2 eyes of draining (D:11)
  5 phantoms
  8 ogres
  9 crocodiles
  15 centaurs
  15 big kobolds
  Blork the orc (D:6)
  17 bullfrogs
  A gnoll sergeant (D:9)
  2 wyvern skeletons
  2 scorpions
  29 killer bees
  3 howler monkeys (D:10)
  7 wights
  6 electric eels
  A lava snake (Lair:4)
  5 crimson imps
  3 centaur zombies
  4 jellies
  4 orc priests
  A centaur skeleton (D:9)
  A bullfrog skeleton (D:10)
  3 hounds
  5 iguanas
  8 orc wizards
  9 worker ants
  2 hell rats (Bailey)
  A hound zombie (D:5)
  A hound skeleton (D:10)
  13 gnolls
  13 adders
  5 shadow imps
  6 oozes
  4 worms
  A dart slug (D:5)
  3 leopard geckos
  39 orcs
  4 giant cockroaches
  9 goblins
  9 hobgoblins
  7 jackals
  5 quokkas
  4 bats
  7 frilled lizards
  A jackal skeleton (D:4)
  A jackal zombie (D:8)
  33 kobolds
  A leopard gecko zombie (D:5)
  3 rats (D:2)
466 creatures vanquished.

Vanquished Creatures (others)
  13 fungi
  7 plants
20 creatures vanquished.

Grand Total: 486 creatures vanquished

Notes
Turn   | Place    | Note
-------+----------+-------------------------------------------
     0 | D:1      | Lavandula the Troll Monk began the quest for the Orb.
     0 | D:1      | Reached XP level 1. HP: 22/22 MP: 0/0
   979 | D:2      | Reached XP level 2. HP: 26/29 MP: 1/1
  1270 | D:2      | Reached skill level 4 in Unarmed Combat
  1497 | D:2      | Reached XP level 3. HP: 36/36 MP: 2/2
  1866 | D:3      | Reached skill level 5 in Unarmed Combat
  1866 | D:3      | Reached XP level 4. HP: 39/44 MP: 3/3
  1980 | D:3      | Noticed a centaur
  1989 | D:3      | Killed a centaur
  1989 | D:3      | Reached XP level 5. HP: 17/50 MP: 4/4
  1999 | D:3      | Reached skill level 6 in Unarmed Combat
  2173 | D:3      | Found a radiant altar of Vehumet.
  2188 | D:3      | Found a sacrificial altar of Ru.
  2191 | D:3      | Found an opulent altar of Gozag.
  2194 | D:3      | Found a shattered altar of Ashenzari.
  2524 | D:4      | Noticed an ogre
  2530 | D:4      | Killed an ogre
  2544 | D:4      | Reached XP level 6. HP: 54/59 MP: 5/5
  2765 | D:4      | Reached skill level 7 in Unarmed Combat
  3400 | D:5      | Entered Level 5 of the Dungeon
  3402 | D:5      | Noticed a slave
  3402 | D:5      | Noticed a slave
  3403 | D:5      | Noticed a slave
  3403 | D:5      | Noticed Pikel
  3403 | D:5      | Noticed a slave
  3415 | D:4      | Killed a slave
  3517 | D:5      | Noticed a sky beast
  3528 | D:5      | Killed a sky beast
  3536 | D:5      | Gained mutation: You are resistant to hostile enchantments. (MR+) [mutagenic meat]
  3558 | D:5      | Reached XP level 7. HP: 66/66 MP: 6/6
  3927 | D:5      | Killed Pikel
  3927 | D:5      | Reached XP level 8. HP: 72/83 MP: 7/7
  4398 | D:6      | Found Rygac's Assorted Antiques.
  4403 | D:6      | Bought a fuming dark potion for 22 gold pieces
  4403 | D:6      | Bought a green potion for 22 gold pieces
  4403 | D:6      | Bought a scroll labeled MOSIFO CAABU for 25 gold pieces
  4424 | D:6      | Noticed Blork the orc
  4438 | D:6      | Killed Blork the orc
  4485 | D:6      | Found a shimmering altar of Xom.
  4540 | D:6      | Reached skill level 8 in Unarmed Combat
  4733 | D:6      | Noticed humperndinck's ghost (novice TeAE)
  4802 | D:7      | Reached XP level 9. HP: 87/92 MP: 8/8
  4829 | D:7      | Reached skill level 9 in Unarmed Combat
  4843 | D:7      | Found a flagged portal.
  4871 | Bailey   | Entered a bailey
  5066 | Bailey   | Reached skill level 1 in Evocations
  5221 | Bailey   | Reached skill level 1 in Throwing
  6540 | Bailey   | Reached skill level 10 in Unarmed Combat
  6833 | Bailey   | Learned a level 1 spell: Apportation
  6835 | Bailey   | Learned a level 1 spell: Confusing Touch
  6838 | Bailey   | Learned a level 2 spell: Blink
  6841 | Bailey   | Learned a level 2 spell: Repel Missiles
  7241 | D:6      | Found a staircase to the Ecumenical Temple.
  7274 | Temple   | Entered the Ecumenical Temple
  7430 | D:6      | Noticed Sigmund
  7442 | D:6      | Killed Sigmund
  7442 | D:6      | Reached skill level 1 in Translocations
  7442 | D:6      | Reached XP level 10. HP: 102/102 MP: 10/10
  8218 | D:8      | Found Byuleed's Armour Shoppe.
  8238 | D:8      | Noticed Psyche
  8246 | D:8      | Killed Psyche
  8766 | D:9      | Reached skill level 5 in Translocations
  8907 | D:9      | Reached skill level 1 in Spellcasting
  9211 | D:9      | Noticed Erica
  9235 | D:9      | Killed Erica
  9235 | D:9      | Reached skill level 5 in Throwing
  9499 | D:9      | Reached XP level 11. HP: 109/109 MP: 12/12
  9859 | D:9      | Noticed Erolcha
  9862 | D:9      | Reached skill level 11 in Unarmed Combat
  9877 | D:9      | Killed Erolcha
 10175 | D:10     | Entered Level 10 of the Dungeon
 10399 | D:10     | Reached skill level 12 in Unarmed Combat
 11328 | D:11     | Reached skill level 13 in Unarmed Combat
 11413 | D:11     | Learned a level 2 spell: Song of Slaying
 11416 | D:11     | Learned a level 2 spell: Shroud of Golubria
 11420 | D:11     | Learned a level 3 spell: Mephitic Cloud
 11489 | D:11     | Found a staircase to the Lair.
 11496 | D:11     | Reached skill level 1 in Charms
 11591 | D:11     | Found a staircase to the Orcish Mines.
 12012 | Lair:1   | Entered Level 1 of the Lair of Beasts
 12070 | Lair:1   | Noticed an eight-headed hydra
 12297 | Lair:1   | Noticed Gastronok
 12312 | Lair:1   | Killed Gastronok
 12312 | Lair:1   | Reached XP level 12. HP: 118/118 MP: 9/13
 13724 | Lair:2   | Found a staircase to the Swamp.
 13914 | Lair:2   | Found a staircase to the Snake Pit.
 14080 | Lair:2   | Identified Xumi's Almanac of Bewitchment and Lightness
 14577 | Lair:3   | Reached skill level 10 in Throwing
 15311 | Lair:4   | Reached skill level 14 in Unarmed Combat
 15398 | Lair:4   | Noticed a six-headed hydra
 15412 | Lair:4   | Killed a six-headed hydra
 15707 | Lair:4   | Reached XP level 13. HP: 119/124 MP: 14/14
 15887 | Lair:4   | Got a shimmering short sword
 15888 | Lair:4   | Identified the +1 short sword of Disgust {pierce, rPois rN+ Dex+2} (You found it on level 4 of the Lair of Beasts)
 16520 | Lair:5   | Reached skill level 15 in Unarmed Combat
 16574 | Lair:5   | Reached skill level 1 in Hexes
 16859 | Lair:5   | Learned a level 3 spell: Regeneration
 16861 | Lair:5   | Learned a level 1 spell: Animate Skeleton
 17887 | Lair:6   | Entered Level 6 of the Lair of Beasts
 17890 | Lair:6   | Got a bloodstained cloak
 17901 | Lair:6   | Identified the +0 cloak of Gine {MR- Int+4} (You found it on level 6 of the Lair of Beasts)
 17949 | Lair:6   | Noticed Snorg
 17955 | Lair:6   | Found a staircase to the Slime Pits.
 18018 | Lair:6   | Found a shimmering altar of Xom.
 18276 | Lair:6   | Noticed Rupert
 18308 | Lair:6   | Found a frozen archway.
 18309 | Lair:6   | Annihilated by Rupert

Skill      XL: |  1  2  3  4  5  6  7  8  9 10 11 12 13 |
---------------+----------------------------------------+-----
Unarmed Combat | 4 5 6 7 8 10 13 14 15 | 15.0
Dodging        | 4 |  4.3
Fighting       | 6 7 |  7.0
Evocations     | 1 2 |  2.7
Throwing       | 3 6 7 10 | 10.0
Translocations | 1 5 |  5.0
Spellcasting   | 1 4 |  4.0
Charms         | 3 |  3.5
Hexes          | 2 |  2.3
Stealth        | |  1.0

Action                   |  1- 3 |  4- 6 |  7- 9 | 10-12 | 13-15 || total
-------------------------+-------+-------+-------+-------+-------++-------
Melee: Unarmed           |    85 |   121 |   270 |   688 |   211 ||  1375
       Punch             |     3 |     4 |     7 |    37 |    20 ||    71
 Fire: Blowgun           |       |       |       |     5 |       ||     5
Throw: Stone             |       |     1 |       |       |       ||     1
       Tomahawk          |       |    13 |    47 |    12 |       ||    72
       Javelin           |       |       |    33 |   186 |    44 ||   263
       Throwing net      |       |       |     1 |       |       ||     1
       Large rock        |       |       |       |    33 |     4 ||    37
 Cast: Repel Missiles    |       |       |       |     2 |       ||     2
       Shroud of Golubri |       |       |       |     2 |       ||     2
       Confusing Touch   |       |       |       |     1 |       ||     1
Evoke: Wand              |       |       |     6 |       |       ||     6
       Sack of spiders   |       |       |       |     3 |     1 ||     4
  Use: Scroll            |       |     8 |     3 |     1 |     7 ||    19
       Potion            |       |       |     4 |     2 |     3 ||     9
 Stab: Sleeping          |       |     3 |     2 |     4 |       ||     9
       Invisible         |       |       |     2 |       |       ||     2
       Confused          |       |       |       |     2 |       ||     2
  Eat: Chunk             |    15 |    22 |    32 |    72 |    18 ||   159
       Pizza             |       |       |     1 |     2 |       ||     3
       Bread ration      |       |       |       |     1 |       ||     1
Armor: Robe              |    24 |    26 |    52 |   170 |    37 ||   309
Dodge: Dodged            |    48 |    55 |   220 |   340 |    83 ||   746
       Deflected         |       |       |       |     3 |       ||     3
